[ AOE2 MATCH · #477336964 ]
UnrankedFranks vs Byzantines
[ REPLAY ANALYSIS · EXTRACTED FROM THE RECORDED GAME ]
Feudal
10:22
Castle
22:07
Imperial
37:57
| APM avg | 34.4 |
| APM peak | 101 |
| eAPM avg | 15.6 |
| Villagers / military | 86 / 96 |
Focus
⚔️ 35.6% · 🌾 64.4%
Knight ×55 · Archer ×27 · Scout Cavalry ×9 · Trebuchet (Packed) ×4 · Throwing Axeman ×1
Feudal
10:54
Castle
26:19
Imperial
—
| APM avg | 13.8 |
| APM peak | 42 |
| eAPM avg | 8.2 |
| Villagers / military | 69 / 68 |
Focus
⚔️ 34.6% · 🌾 65.4%
Serjeant ×67 · Monk ×1
Feudal
10:21
Castle
20:43
Imperial
30:40
| APM avg | 19.8 |
| APM peak | 77 |
| eAPM avg | 13.7 |
| Villagers / military | 110 / 103 |
Focus
⚔️ 30.0% · 🌾 70.0%
Spearman ×59 · Cataphract ×34 · Trebuchet (Packed) ×9 · Monk ×1
Feudal
11:29
Castle
24:08
Imperial
—
| APM avg | 22.1 |
| APM peak | 50 |
| eAPM avg | 14.3 |
| Villagers / military | 125 / 76 |
Focus
⚔️ 19.9% · 🌾 80.1%
Spearman ×41 · Knight ×16 · Militia ×11 · Scout Cavalry ×6 · Monk ×2
Match map
Initial resources + every placement click. Lines = walls · curves = elevation contours. ◆ gold · ⬟ stone · ● berries · ✦ relic · ◌ wall gap
Your base· Open — 1t gap
Spy's base· Open — 6t gap
Red Leader's base· Open — unwalled flank
bjoern4tel's base· Open — unwalled flank
Smoothed initial terrain · ◌ = detected wall gap · hover for details
Inputs per minute
— çupra - - Spy
Build order — çupra
First 150 of 312 actions detected
| 0:00 | Create | Villager (Male) |
| 0:00 | Create | Villager (Male) |
| 0:01 | Create | Villager (Male) |
| 0:01 | Create | Villager (Male) |
| 0:06 | Build | House |
| 0:08 | Build | House |
| 1:33 | Create | Villager (Male) |
| 1:34 | Create | Villager (Male) |
| 1:54 | Build | Lumber Camp |
| 2:24 | Create | Villager (Male) |
| 2:25 | Create | Villager (Male) |
| 2:25 | Create | Villager (Male) |
| 3:09 | Create | Villager (Male) |
| 3:09 | Create | Villager (Male) |
| 3:33 | Create | Villager (Male) |
| 3:33 | Create | Villager (Male) |
| 4:55 | Create | Villager (Male) |
| 4:55 | Create | Villager (Male) |
| 4:55 | Create | Villager (Male) |
| 4:56 | Create | Villager (Male) |
| 4:58 | Create | Villager (Male) |
| 5:11 | Build | House |
| 6:46 | Create | Villager (Male) |
| 6:47 | Create | Villager (Male) |
| 6:57 | Build | Mill |
| 8:12 | Research | Feudal Age |
| 8:12 | Research | Feudal Age |
| 8:59 | Build | Barracks |
| 9:25 | Build | Mining Camp |
| 9:31 | Build | Mining Camp |
| 9:43 | Build | House |
| 9:53 | Build | Palisade Wall |
| 9:57 | Build | House |
| 10:22 | Age | Feudal Age |
| 10:28 | Create | Villager (Male) |
| 10:29 | Create | Villager (Male) |
| 10:32 | Create | Villager (Male) |
| 11:03 | Build | Stable |
| 11:08 | Build | Palisade Wall |
| 11:16 | Create | Villager (Male) |
| 11:20 | Research | Double-Bit Axe |
| 11:44 | Build | Farm |
| 11:50 | Build | Farm |
| 11:53 | Create | Villager (Male) |
| 12:07 | Build | House |
| 12:12 | Create | Villager (Male) |
| 12:22 | Build | House |
| 12:38 | Build | Farm |
| 12:40 | Create | Villager (Male) |
| 12:51 | Build | Palisade Wall |
| 13:06 | Build | Archery Range |
| 13:10 | Create | Villager (Male) |
| 13:15 | Build | House |
| 13:21 | Build | Farm |
| 13:39 | Build | House |
| 13:46 | Create | Villager (Male) |
| 13:47 | Create | Villager (Male) |
| 14:00 | Build | Farm |
| 14:15 | Build | Palisade Wall |
| 14:21 | Build | Palisade Wall |
| 14:26 | Build | House |
| 14:42 | Build | Palisade Wall |
| 14:49 | Create | Villager (Male) |
| 14:52 | Create | Villager (Male) |
| 15:02 | Build | Farm |
| 15:06 | Create | Archer |
| 15:06 | Create | Archer |
| 15:07 | Create | Archer |
| 15:08 | Create | Archer |
| 15:10 | Create | Archer |
| 15:11 | Create | Archer |
| 15:15 | Create | Villager (Male) |
| 15:38 | Build | Farm |
| 15:54 | Build | Farm |
| 15:56 | Create | Villager (Male) |
| 16:05 | Build | House |
| 16:08 | Create | Villager (Male) |
| 16:16 | Build | Farm |
| 16:17 | Build | Farm |
| 16:19 | Build | Farm |
| 16:19 | Build | Farm |
| 16:20 | Build | Farm |
| 16:20 | Build | Farm |
| 16:21 | Build | Farm |
| 16:33 | Create | Archer |
| 16:43 | Build | Farm |
| 17:37 | Create | Scout Cavalry |
| 17:37 | Create | Scout Cavalry |
| 17:46 | Build | Market |
| 17:55 | Build | House |
| 18:03 | Create | Villager (Male) |
| 18:06 | Create | Archer |
| 18:06 | Create | Archer |
| 18:10 | Create | Archer |
| 18:11 | Create | Archer |
| 18:12 | Create | Archer |
| 18:57 | Build | Farm |
| 19:16 | Build | House |
| 19:24 | Create | Archer |
| 19:27 | Research | Castle Age |
| 19:38 | Build | Mining Camp |
| 19:47 | Build | Blacksmith |
| 19:54 | Research | Gold Mining |
| 20:19 | Build | Lumber Camp |
| 20:28 | Create | Scout Cavalry |
| 20:31 | Create | Archer |
| 20:32 | Create | Archer |
| 20:36 | Build | Farm |
| 20:42 | Research | Padded Archer Armor |
| 21:00 | Create | Archer |
| 21:11 | Build | Palisade Gate |
| 21:20 | Build | House |
| 21:22 | Build | House |
| 21:32 | Create | Scout Cavalry |
| 21:32 | Create | Scout Cavalry |
| 22:07 | Age | Castle Age |
| 22:08 | Research | Crossbowman (upgrade) |
| 22:08 | Research | Crossbowman (upgrade) |
| 22:11 | Create | Villager (Male) |
| 22:11 | Create | Villager (Male) |
| 22:12 | Create | Villager (Male) |
| 22:26 | Research | Light Cavalry (upgrade) |
| 22:48 | Build | Town Center |
| 22:53 | Create | Villager (Male) |
| 23:09 | Create | Archer |
| 23:09 | Create | Archer |
| 23:09 | Create | Archer |
| 23:09 | Create | Archer |
| 23:10 | Create | Archer |
| 23:10 | Create | Archer |
| 24:02 | Create | Scout Cavalry |
| 24:08 | Build | Farm |
| 24:09 | Create | Villager (Male) |
| 24:09 | Create | Villager (Male) |
| 24:09 | Create | Villager (Male) |
| 24:13 | Create | Villager (Male) |
| 24:28 | Create | Villager (Male) |
| 24:39 | Build | Monastery |
| 24:42 | Build | University |
| 25:30 | Build | Farm |
| 25:33 | Build | Farm |
| 26:24 | Build | Farm |
| 26:27 | Build | Farm |
| 27:34 | Build | Farm |
| 27:36 | Create | Villager (Male) |
| 27:37 | Create | Villager (Male) |
| 27:37 | Create | Villager (Male) |
| 27:37 | Create | Villager (Male) |
| 27:37 | Create | Villager (Male) |
| 27:39 | Create | Villager (Male) |
Build order — Spy
First 150 of 223 actions detected
| 0:03 | Build | House |
| 0:04 | Create | Villager (Male) |
| 0:05 | Create | Villager (Male) |
| 0:05 | Create | Villager (Male) |
| 0:08 | Build | House |
| 0:26 | Create | Villager (Male) |
| 0:26 | Create | Villager (Male) |
| 1:37 | Create | Villager (Male) |
| 1:37 | Create | Villager (Male) |
| 1:51 | Build | Lumber Camp |
| 2:05 | Create | Villager (Male) |
| 2:28 | Create | Villager (Male) |
| 2:48 | Create | Villager (Male) |
| 3:13 | Create | Villager (Male) |
| 4:00 | Create | Villager (Male) |
| 4:01 | Create | Villager (Male) |
| 4:34 | Build | House |
| 5:04 | Create | Villager (Male) |
| 5:05 | Create | Villager (Male) |
| 5:24 | Create | Villager (Male) |
| 5:24 | Create | Villager (Male) |
| 5:30 | Create | Villager (Male) |
| 5:35 | Create | Villager (Male) |
| 5:55 | Build | House |
| 6:45 | Build | Mining Camp |
| 7:15 | Build | Mining Camp |
| 8:00 | Create | Villager (Male) |
| 8:44 | Research | Feudal Age |
| 9:21 | Build | Mill |
| 10:11 | Build | House |
| 10:18 | Build | House |
| 10:54 | Age | Feudal Age |
| 11:02 | Research | Double-Bit Axe |
| 11:15 | Build | Donjon |
| 11:18 | Create | Villager (Male) |
| 11:18 | Create | Villager (Male) |
| 11:18 | Create | Villager (Male) |
| 11:29 | Build | Farm |
| 11:50 | Build | Farm |
| 12:13 | Build | Farm |
| 12:18 | Build | Farm |
| 12:24 | Build | Farm |
| 12:31 | Create | Serjeant |
| 12:31 | Create | Serjeant |
| 12:38 | Build | Farm |
| 12:59 | Create | Serjeant |
| 13:00 | Create | Serjeant |
| 13:12 | Create | Villager (Male) |
| 13:58 | Create | Serjeant |
| 13:58 | Create | Serjeant |
| 14:22 | Build | Donjon |
| 15:41 | Create | Serjeant |
| 15:42 | Create | Serjeant |
| 16:08 | Create | Villager (Male) |
| 16:08 | Create | Villager (Male) |
| 16:40 | Build | Farm |
| 17:04 | Build | Farm |
| 17:11 | Research | Loom |
| 17:33 | Build | Farm |
| 17:49 | Create | Villager (Male) |
| 17:49 | Create | Villager (Male) |
| 17:50 | Create | Villager (Male) |
| 18:12 | Build | Donjon |
| 18:20 | Build | House |
| 18:24 | Build | House |
| 18:26 | Build | House |
| 18:28 | Build | House |
| 19:01 | Build | Farm |
| 19:03 | Create | Villager (Male) |
| 19:17 | Build | Farm |
| 19:19 | Create | Villager (Male) |
| 19:19 | Create | Villager (Male) |
| 19:19 | Create | Villager (Male) |
| 19:23 | Create | Serjeant |
| 19:23 | Create | Serjeant |
| 19:24 | Create | Serjeant |
| 19:24 | Create | Serjeant |
| 19:36 | Build | Farm |
| 19:38 | Research | Horse Collar |
| 20:16 | Build | Blacksmith |
| 20:40 | Build | Farm |
| 21:35 | Build | Farm |
| 21:36 | Build | Farm |
| 22:45 | Build | Stable |
| 23:39 | Research | Castle Age |
| 23:47 | Build | Farm |
| 25:07 | Build | Farm |
| 25:08 | Build | Farm |
| 25:21 | Create | Villager (Male) |
| 25:21 | Create | Villager (Male) |
| 25:21 | Create | Villager (Male) |
| 25:21 | Create | Villager (Male) |
| 25:22 | Create | Villager (Male) |
| 25:24 | Create | Serjeant |
| 25:25 | Create | Serjeant |
| 25:25 | Create | Serjeant |
| 25:25 | Create | Serjeant |
| 25:26 | Create | Serjeant |
| 25:26 | Create | Serjeant |
| 25:26 | Create | Serjeant |
| 25:27 | Create | Serjeant |
| 26:19 | Age | Castle Age |
| 26:26 | Research | Wheelbarrow |
| 26:29 | Research | Scale Mail Armor |
| 26:39 | Research | Heavy Plow |
| 27:07 | Build | Farm |
| 27:09 | Research | Bow Saw |
| 27:43 | Build | Farm |
| 27:48 | Research | Gold Mining |
| 28:45 | Create | Villager (Male) |
| 28:45 | Create | Villager (Male) |
| 28:45 | Create | Villager (Male) |
| 28:45 | Create | Villager (Male) |
| 28:46 | Create | Villager (Male) |
| 28:46 | Create | Villager (Male) |
| 30:06 | Build | Mining Camp |
| 31:03 | Build | Farm |
| 31:26 | Build | Farm |
| 31:40 | Research | Chain Mail Armor |
| 31:41 | Research | Forging |
| 31:52 | Build | Town Center |
| 32:18 | Create | Villager (Male) |
| 32:18 | Create | Villager (Male) |
| 32:18 | Create | Villager (Male) |
| 32:18 | Create | Villager (Male) |
| 33:03 | Create | Villager (Male) |
| 33:03 | Create | Villager (Male) |
| 33:04 | Create | Villager (Male) |
| 33:31 | Build | Monastery |
| 34:04 | Build | Farm |
| 34:11 | Create | Villager (Male) |
| 34:34 | Build | Farm |
| 34:39 | Create | Villager (Male) |
| 34:40 | Create | Villager (Male) |
| 34:40 | Create | Villager (Male) |
| 34:40 | Create | Villager (Male) |
| 34:43 | Create | Monk |
| 34:58 | Build | House |
| 35:00 | Build | House |
| 35:01 | Build | House |
| 35:04 | Build | House |
| 35:05 | Build | House |
| 35:11 | Create | Villager (Male) |
| 35:18 | Build | Farm |
| 35:37 | Build | Farm |
| 35:58 | Build | Farm |
| 36:21 | Research | Iron Casting |
| 36:28 | Build | Farm |
| 37:13 | Build | Lumber Camp |
| 37:18 | Create | Villager (Male) |
Build order — Red Leader
First 150 of 378 actions detected
| 0:02 | Build | House |
| 0:04 | Build | House |
| 0:06 | Create | Villager (Male) |
| 0:06 | Create | Villager (Male) |
| 0:06 | Create | Villager (Male) |
| 0:06 | Create | Villager (Male) |
| 1:35 | Create | Villager (Male) |
| 1:57 | Build | Lumber Camp |
| 2:19 | Create | Villager (Male) |
| 2:19 | Create | Villager (Male) |
| 2:39 | Create | Villager (Male) |
| 2:39 | Create | Villager (Male) |
| 3:11 | Create | Villager (Male) |
| 3:34 | Build | House |
| 3:51 | Create | Villager (Male) |
| 4:05 | Create | Villager (Male) |
| 4:25 | Build | Mill |
| 4:28 | Create | Villager (Male) |
| 5:14 | Create | Villager (Male) |
| 5:14 | Create | Villager (Male) |
| 5:14 | Create | Villager (Male) |
| 6:25 | Create | Villager (Male) |
| 6:25 | Create | Villager (Male) |
| 7:09 | Build | Lumber Camp |
| 7:19 | Create | Villager (Male) |
| 7:29 | Build | House |
| 7:34 | Research | Loom |
| 7:34 | Create | Villager (Male) |
| 7:41 | Build | House |
| 8:02 | Create | Villager (Male) |
| 8:11 | Research | Feudal Age |
| 8:18 | Build | House |
| 8:20 | Build | House |
| 8:33 | Build | Barracks |
| 9:09 | Create | Villager (Male) |
| 9:10 | Create | Villager (Male) |
| 10:21 | Age | Feudal Age |
| 10:21 | Research | Horse Collar |
| 10:24 | Research | Double-Bit Axe |
| 10:33 | Build | Stone Wall |
| 10:36 | Build | Gate |
| 10:51 | Build | House |
| 10:52 | Build | House |
| 10:54 | Build | House |
| 11:04 | Create | Villager (Male) |
| 11:05 | Research | Wheelbarrow |
| 11:27 | Build | Mining Camp |
| 11:30 | Create | Villager (Male) |
| 12:03 | Create | Villager (Male) |
| 12:03 | Create | Villager (Male) |
| 12:16 | Create | Spearman |
| 12:41 | Build | Farm |
| 12:41 | Build | Farm |
| 13:27 | Build | Farm |
| 13:27 | Build | Farm |
| 13:28 | Build | Farm |
| 13:28 | Build | Farm |
| 13:28 | Build | Farm |
| 13:28 | Build | Farm |
| 13:37 | Create | Villager (Male) |
| 13:43 | Build | Farm |
| 14:09 | Build | Blacksmith |
| 14:25 | Create | Spearman |
| 14:32 | Create | Villager (Male) |
| 14:32 | Create | Villager (Male) |
| 14:53 | Build | Farm |
| 14:53 | Build | Farm |
| 15:04 | Build | Farm |
| 15:04 | Build | Farm |
| 16:12 | Build | Market |
| 16:17 | Build | Stone Wall |
| 16:20 | Build | Gate |
| 16:30 | Build | Farm |
| 16:50 | Build | House |
| 16:51 | Build | House |
| 16:51 | Build | House |
| 17:04 | Create | Villager (Male) |
| 17:04 | Create | Villager (Male) |
| 17:35 | Build | Mining Camp |
| 18:03 | Research | Castle Age |
| 18:24 | Create | Villager (Male) |
| 18:24 | Create | Villager (Male) |
| 18:35 | Build | Outpost |
| 18:40 | Build | Outpost |
| 18:42 | Build | Outpost |
| 18:45 | Build | Outpost |
| 18:48 | Build | Outpost |
| 19:12 | Build | Stable |
| 19:19 | Build | Stone Wall |
| 20:03 | Create | Spearman |
| 20:03 | Create | Spearman |
| 20:06 | Create | Spearman |
| 20:06 | Create | Spearman |
| 20:15 | Build | Barracks |
| 20:16 | Build | Barracks |
| 20:43 | Age | Castle Age |
| 21:14 | Build | Town Center |
| 21:34 | Create | Villager (Male) |
| 21:34 | Create | Villager (Male) |
| 21:34 | Create | Villager (Male) |
| 21:34 | Create | Villager (Male) |
| 21:56 | Research | Pikeman (upgrade) |
| 21:58 | Research | Squires |
| 22:04 | Research | Heavy Plow |
| 22:08 | Research | Bow Saw |
| 22:28 | Create | Villager (Male) |
| 22:29 | Create | Villager (Male) |
| 22:49 | Build | Monastery |
| 23:05 | Research | Stone Mining |
| 23:07 | Create | Villager (Male) |
| 23:12 | Create | Villager (Male) |
| 23:12 | Create | Villager (Male) |
| 23:12 | Create | Villager (Male) |
| 23:12 | Create | Villager (Male) |
| 23:13 | Create | Villager (Male) |
| 23:40 | Build | University |
| 23:44 | Build | House |
| 23:50 | Build | Stone Wall |
| 23:54 | Build | Stone Wall |
| 24:02 | Create | Spearman |
| 24:02 | Create | Spearman |
| 24:10 | Build | Farm |
| 24:11 | Build | Farm |
| 24:14 | Create | Villager (Male) |
| 24:14 | Create | Villager (Male) |
| 24:20 | Create | Villager (Male) |
| 24:21 | Create | Villager (Male) |
| 24:35 | Research | Stone Shaft Mining |
| 24:39 | Build | Farm |
| 24:41 | Create | Villager (Male) |
| 24:41 | Create | Villager (Male) |
| 24:58 | Create | Monk |
| 25:04 | Build | Farm |
| 25:11 | Build | House |
| 25:12 | Build | House |
| 25:21 | Build | Farm |
| 25:33 | Create | Villager (Male) |
| 25:33 | Create | Villager (Male) |
| 25:38 | Create | Villager (Male) |
| 25:39 | Create | Villager (Male) |
| 26:10 | Build | Lumber Camp |
| 26:17 | Create | Villager (Male) |
| 26:18 | Create | Villager (Male) |
| 26:24 | Build | Farm |
| 26:36 | Build | Gate |
| 26:40 | Build | House |
| 26:41 | Build | House |
| 26:43 | Build | House |
| 26:47 | Build | House |
| 26:48 | Build | House |
Build order — bjoern4tel
First 150 of 309 actions detected
| 0:01 | Create | Villager (Male) |
| 0:02 | Create | Villager (Male) |
| 0:05 | Build | House |
| 0:07 | Build | House |
| 0:07 | Create | Villager (Male) |
| 0:08 | Create | Villager (Male) |
| 1:27 | Create | Villager (Male) |
| 1:27 | Create | Villager (Male) |
| 1:50 | Build | Lumber Camp |
| 2:23 | Create | Villager (Male) |
| 2:23 | Create | Villager (Male) |
| 3:13 | Create | Villager (Male) |
| 3:18 | Create | Villager (Male) |
| 3:43 | Build | House |
| 4:01 | Create | Villager (Male) |
| 4:15 | Build | Mill |
| 4:17 | Create | Villager (Male) |
| 5:03 | Create | Villager (Male) |
| 5:04 | Create | Villager (Male) |
| 5:43 | Build | House |
| 5:47 | Create | Villager (Male) |
| 6:42 | Create | Villager (Male) |
| 6:42 | Create | Villager (Male) |
| 7:01 | Create | Villager (Male) |
| 7:12 | Create | Villager (Male) |
| 7:19 | Build | House |
| 7:44 | Create | Villager (Male) |
| 7:56 | Build | Barracks |
| 8:34 | Create | Villager (Male) |
| 9:14 | Build | Mining Camp |
| 9:19 | Research | Feudal Age |
| 9:20 | Create | Villager (Male) |
| 9:20 | Create | Villager (Male) |
| 9:32 | Create | Villager (Male) |
| 9:46 | Build | Farm |
| 9:48 | Create | Militia |
| 9:49 | Create | Militia |
| 10:15 | Build | Farm |
| 10:31 | Create | Militia |
| 10:37 | Build | Farm |
| 10:54 | Build | Farm |
| 10:57 | Create | Militia |
| 11:03 | Create | Militia |
| 11:20 | Build | House |
| 11:24 | Create | Villager (Male) |
| 11:29 | Age | Feudal Age |
| 11:37 | Create | Militia |
| 12:10 | Build | Blacksmith |
| 12:16 | Create | Villager (Male) |
| 12:21 | Build | Farm |
| 12:23 | Create | Villager (Male) |
| 12:50 | Research | Scale Mail Armor |
| 12:58 | Create | Villager (Male) |
| 13:10 | Build | Market |
| 13:15 | Create | Villager (Male) |
| 13:19 | Build | Farm |
| 13:22 | Create | Militia |
| 13:22 | Create | Militia |
| 13:30 | Create | Villager (Male) |
| 13:34 | Build | Farm |
| 13:40 | Build | House |
| 13:45 | Research | Loom |
| 14:26 | Create | Villager (Male) |
| 14:27 | Create | Villager (Male) |
| 14:27 | Create | Villager (Male) |
| 14:29 | Build | Farm |
| 14:30 | Build | Farm |
| 14:30 | Build | Farm |
| 14:30 | Build | Farm |
| 14:30 | Build | Farm |
| 14:31 | Build | Farm |
| 14:31 | Build | Farm |
| 14:31 | Build | Farm |
| 15:49 | Create | Villager (Male) |
| 15:49 | Create | Villager (Male) |
| 15:49 | Create | Villager (Male) |
| 15:50 | Create | Villager (Male) |
| 15:56 | Build | Lumber Camp |
| 15:59 | Create | Villager (Male) |
| 15:59 | Create | Villager (Male) |
| 16:18 | Create | Villager (Male) |
| 16:22 | Build | Farm |
| 16:25 | Create | Villager (Male) |
| 16:28 | Research | Double-Bit Axe |
| 16:30 | Research | Horse Collar |
| 16:33 | Build | Farm |
| 16:33 | Build | Farm |
| 17:07 | Build | Barracks |
| 17:10 | Create | Villager (Male) |
| 17:21 | Build | House |
| 17:23 | Build | House |
| 17:25 | Build | House |
| 17:27 | Build | House |
| 17:50 | Create | Militia |
| 17:50 | Create | Militia |
| 17:51 | Create | Militia |
| 18:38 | Build | Farm |
| 18:51 | Build | Farm |
| 18:53 | Create | Villager (Male) |
| 19:15 | Build | Stable |
| 19:39 | Build | Farm |
| 19:41 | Create | Villager (Male) |
| 19:47 | Build | House |
| 19:48 | Build | House |
| 19:57 | Create | Villager (Male) |
| 20:04 | Build | House |
| 20:14 | Build | Farm |
| 20:21 | Create | Villager (Male) |
| 20:31 | Build | Barracks |
| 21:28 | Research | Castle Age |
| 21:34 | Build | House |
| 21:50 | Build | Stable |
| 21:53 | Research | Bloodlines |
| 22:04 | Build | Farm |
| 22:29 | Create | Scout Cavalry |
| 22:30 | Create | Scout Cavalry |
| 22:30 | Create | Scout Cavalry |
| 22:39 | Research | Scale Barding Armor |
| 22:48 | Build | House |
| 22:49 | Build | House |
| 22:50 | Build | House |
| 22:56 | Create | Villager (Male) |
| 22:56 | Create | Villager (Male) |
| 23:08 | Build | House |
| 23:16 | Build | Farm |
| 23:23 | Build | Farm |
| 23:23 | Build | Farm |
| 23:24 | Build | Farm |
| 23:24 | Build | Farm |
| 23:34 | Create | Scout Cavalry |
| 23:34 | Create | Scout Cavalry |
| 23:35 | Create | Scout Cavalry |
| 23:55 | Create | Spearman |
| 23:55 | Create | Spearman |
| 23:55 | Create | Spearman |
| 23:56 | Create | Spearman |
| 24:03 | Build | House |
| 24:08 | Age | Castle Age |
| 24:09 | Build | Palisade Wall |
| 24:16 | Research | Chain Mail Armor |
| 24:27 | Create | Villager (Male) |
| 24:33 | Build | House |
| 25:03 | Create | Villager (Male) |
| 25:03 | Create | Villager (Male) |
| 25:11 | Create | Spearman |
| 25:12 | Create | Spearman |
| 25:12 | Create | Spearman |
| 25:15 | Create | Spearman |
| 25:16 | Create | Spearman |
| 25:30 | Build | Archery Range |
Match timeline
| 7:56 | bjoern4tel · first_building Barracks |
| 8:33 | Red Leader · first_building Barracks |
| 8:59 | çupra · first_building Barracks |
| 9:53 | çupra · wall_segment Palisade Wall x6 |
| 10:21 | Red Leader · age_up feudal |
| 10:22 | çupra · age_up feudal |
| 10:33 | Red Leader · wall_segment Stone Wall x1 |
| 10:54 | Spy · age_up feudal |
| 11:03 | çupra · first_building Stable |
| 11:08 | çupra · wall_segment Palisade Wall x1 |
| 11:15 | Spy · first_building Donjon |
| 11:29 | bjoern4tel · age_up feudal |
| 12:51 | çupra · wall_segment Palisade Wall x7 |
| 13:06 | çupra · first_building Archery Range |
| 14:15 | çupra · wall_segment Palisade Wall x15 |
| 14:21 | çupra · wall_segment Palisade Wall x13 |
| 14:42 | çupra · wall_segment Palisade Wall x8 |
| 16:17 | Red Leader · wall_segment Stone Wall x5 |
| 19:02 | çupra · first_market_buy 100 food |
| 19:12 | Red Leader · first_building Stable |
| 19:15 | bjoern4tel · first_building Stable |
| 19:19 | Red Leader · wall_segment Stone Wall x1 |
| 20:43 | Red Leader · age_up castle |
| 21:25 | bjoern4tel · first_market_buy 100 food |
| 22:07 | çupra · age_up castle |
| 22:45 | Spy · first_building Stable |
| 22:49 | Red Leader · first_building Monastery |
| 23:50 | Red Leader · wall_segment Stone Wall x1 |
| 23:54 | Red Leader · wall_segment Stone Wall x1 |
| 24:08 | bjoern4tel · age_up castle |
| 24:09 | bjoern4tel · wall_segment Palisade Wall x12 |
| 24:39 | çupra · first_building Monastery |
| 25:30 | bjoern4tel · first_building Archery Range |
| 26:19 | Spy · age_up castle |
| 27:24 | Red Leader · first_building Castle |
| 29:41 | Red Leader · wall_segment Stone Wall x1 |
| 30:29 | bjoern4tel · wall_segment Stone Wall x3 |
| 30:40 | Red Leader · age_up imperial |
| 31:09 | Red Leader · first_market_sell 100 wood |
| 31:12 | Red Leader · first_market_buy 100 food |
| 31:18 | çupra · first_building Castle |
| 31:41 | Red Leader · wall_segment Stone Wall x1 |
| 33:31 | Spy · first_building Monastery |
| 37:11 | çupra · wall_segment Palisade Wall x1 |
| 37:57 | çupra · age_up imperial |
| 38:29 | Spy · first_building Castle |
| 40:41 | bjoern4tel · first_building Monastery |
| 43:54 | çupra · resign |
[ AI ANALYSIS · 1 CREDIT ]
What really happened in this match?
Wolo.gg analyzes every decision: build order, eco, micro, common mistakes by bracket. Personalized analysis on WhatsApp or Discord in 30 seconds.
Civ guide
Franks
Perfil
Jugador #20137129